Map: 10000 Feet LE

Players

rekrut

  • Race: Protoss Protoss
  • League: Master
  • Spawn Location: 5:00

SCIInewby

  • Race: Protoss Protoss
  • League: Master
  • Spawn Location: 11:00

VOD

Have the link to the VOD?

Description

Time

  • Played on: Feb. 8, 2026, 1:04 a.m.
  • Length: 13:02
Show
View Real Time Build Order
Export as new Build Order

rekrut Protoss 

Build Orders:  

Get SALT Encoding   

  12  0:10  Pylon  
  12  0:17  Probe  
  13  0:29  Probe  
  14  0:35  Forge  
  14  0:50  Pylon  
  15  1:03  Probe  
  15  1:07  Gateway  
  15  1:28  Assimilator  
  15  1:34  Assimilator  
  15  1:41  Probe  
  16  1:49  Probe  
  17  1:56  Cybernetics Core  
  17  1:59  Probe  
  17  2:03  Zealot  
  20  2:11  Probe  
  21  2:19  Probe  
  21  2:20  Pylon  
  21  2:27  Probe  
  22  2:31  Stalker  
  22  2:32  Warp Gate  
  25  2:46  Probe  
  25  2:47  Robotics Facility  
  26  3:09  Probe  
  26  3:12  Nexus  
  27  3:13  Sentry  
  29  3:29  Gateway  
  29  3:32  Probe  
  29  3:33  Void Ray  
  30  3:34  Observer  
  31  3:57  Pylon  
  31  4:05  Pylon  
  31  4:14  Probe  
  31  4:15  Immortal  
  36  4:22  Probe  
  36  4:24  Probe  
  36  4:30  Probe  
  38  4:32  Probe  
  40  4:42  Probe x2  
  42  4:53  Stargate  
  42  4:54  Probe x2  
  42  4:56  Pylon  
  42  4:58  Immortal  
  48  5:06  Probe  
  49  5:07  Pylon  
  49  5:18  Probe x2  
  51  5:31  Stalker x2  
  55  5:35  Oracle  
  55  5:37  Probe  
  55  5:38  Twilight Council  
  55  5:39  Probe  
  55  5:41  Immortal  
  57  5:43  Assimilator  
  57  5:45  Assimilator  
  57  5:49  Probe  
  61  5:51  Probe  
  64  6:21  Gateway x2  
  64  6:25  Forge  
  64  6:26  Immortal  
  68  6:34  Probe x2  
  68  6:35  Pylon  
  68  6:38  Protoss Ground Weapons Level 1  
  70  6:49  Robotics Bay  
  70  6:55  Robotics Facility  
  70  7:00  Pylon  
  70  7:34  Probe x2  
  72  7:41  Immortal  
  76  7:46  Probe x2  
  78  7:53  Nexus  
  78  7:55  Pylon  
  78  7:56  Blink, Colossus  
  78  7:57  Pylon  
  84  7:59  Pylon  
  84  8:04  Assimilator  
  88  8:06  Void Ray  
  88  8:09  Assimilator  
  88  8:10  Gateway, Stalker x2  
  88  8:11  Gateway  
  92  8:21  Protoss Ground Armor Level 1  
  92  8:22  Extended Thermal Lance  
  92  8:24  Probe  
  92  8:25  Probe  
  94  8:31  Photon Cannon  
  94  8:33  Protoss Shields Level 1  
  94  8:34  Shield Battery  
  94  8:43  Warp Prism  
  96  9:00  Immortal  
  100  9:10  Templar Archives  
  100  9:19  Stalker x2  
  100  9:20  Zealot x2  
  108  9:33  Forge  
  108  9:35  Gateway  
  108  9:41  Photon Cannon  
  108  9:46  Charge  
  108  9:48  Pylon  
  108  9:50  Colossus  
  114  10:04  Dark Shrine  
  114  10:06  Protoss Ground Weapons Level 2  
  114  10:08  Immortal  
  118  10:25  Gateway  
  118  10:27  Probe x3  
  121  10:34  Sentry  
  123  10:35  Sentry  
  123  10:39  Probe x3  
  128  10:43  Psionic Storm  
  128  10:46  Zealot x3  
  128  10:47  Zealot x2  
  138  10:51  Probe x3  
  141  11:15  Pylon  
  141  11:17  Pylon  
  141  11:19  Pylon  
  141  11:22  Pylon  
  141  11:27  Gravitic Drive  
  141  11:33  Probe x3  
  144  11:42  Pylon  
  144  11:44  Pylon  
  144  11:45  Pylon  
  144  11:47  Gateway x2  
  144  11:50  Stalker x3  
  144  11:51  Stalker  
  144  11:52  Zealot x2  
  156  12:05  Immortal  
  156  12:07  Observer  
  161  12:32  Pylon  
  161  12:38  High Templar x3  
  161  12:58  Stalker x5  
  154  12:59  Stalker x2  
Show
View Real Time Build Order
Export as new Build Order

SCIInewby Protoss 

Build Orders:  

Get SALT Encoding   

  12  0:02  Probe  
  13  0:15  Probe  
  14  0:22  Pylon  
  14  0:27  Probe  
  15  0:40  Probe  
  16  0:49  Gateway  
  16  1:07  Pylon  
  16  1:15  Pylon  
  16  1:18  Probe  
  17  1:26  Probe  
  18  1:35  Probe  
  18  1:44  Forge  
  18  1:50  Cybernetics Core  
  18  1:53  Assimilator, Probe  
  19  2:05  Probe  
  20  2:17  Probe  
  21  2:25  Photon Cannon, Warp Gate, Pylon  
  21  2:39  Pylon  
  21  2:45  Zealot  
  23  2:56  Probe  
  24  3:12  Nexus, Zealot  
  26  3:25  Probe  
  26  3:26  Protoss Ground Weapons Level 1  
  27  3:29  Assimilator  
  27  3:39  Zealot  
  29  3:45  Photon Cannon  
  27  3:59  Probe  
  27  4:07  Probe  
  28  4:16  Probe  
  29  4:21  Probe  
  30  4:24  Probe  
  30  4:25  Twilight Council  
  30  4:29  Probe  
  32  4:32  Probe  
  32  4:37  Assimilator  
  34  4:39  Probe  
  34  4:43  Probe  
  34  4:45  Pylon  
  34  4:51  Probe, Stalker  
  37  4:55  Probe  
  38  5:02  Charge  
  38  5:05  Gateway  
  38  5:07  Gateway  
  38  5:13  Probe x2  
  40  5:25  Probe  
  40  5:26  Probe  
  42  5:30  Robotics Facility  
  42  5:37  Photon Cannon  
  42  5:41  Photon Cannon  
  42  5:44  Stalker  
  44  5:53  Pylon  
  44  5:58  Photon Cannon  
  44  5:59  Probe x2  
  44  6:04  Zealot x2  
  42  6:10  Zealot  
  42  6:11  Zealot x2, Probe x2  
  48  6:25  Photon Cannon  
  48  6:26  Photon Cannon, Pylon  
  48  6:29  Pylon  
  48  6:32  Shield Battery  
  48  6:34  Probe x2  
  50  6:40  Assimilator  
  50  7:09  Probe x2, Stargate  
  50  7:12  Zealot  
  50  7:13  Stargate  
  53  7:20  Stalker x2  
  53  7:21  Probe  
  51  7:33  Photon Cannon  
  51  7:43  Stalker x2  
  51  7:44  Stalker  
  57  8:03  Fleet Beacon  
  57  8:08  Pylon  
  57  8:11  Pylon  
  57  8:13  Pylon  
  57  8:17  Photon Cannon  
  57  8:20  Photon Cannon  
  57  8:34  Zealot x3  
  57  8:38  Carrier  
  57  8:39  Carrier  
  63  8:41  Pylon  
  69  8:56  Pylon  
  69  8:57  Pylon  
  75  9:03  Blink  
  75  9:05  Zealot  
  77  9:15  Gateway  
  77  9:19  Gateway  
  77  9:25  Zealot x2  
  81  9:39  Carrier  
  87  9:48  Protoss Shields Level 1  
  87  10:06  Carrier  
  93  10:15  Pylon  
  93  10:19  Zealot  
  95  10:33  Zealot x3  
  101  10:52  Nexus  
  101  11:01  Probe x2  
  103  11:13  Probe x2  
  105  11:23  Void Ray  
  105  11:26  Phoenix  
  111  11:33  Assimilator  
  111  11:36  Assimilator  
  111  11:38  Probe  
  111  11:41  Probe  
  113  11:53  Probe  
  114  11:54  Tempest  
  114  12:00  Phoenix, Pylon  
  120  12:14  Probe x3  
  123  12:26  Probe x3  
  125  12:31  Zealot  
  125  12:38  Probe x2  
Tags
 
Matchup
PvP
Replay Pack
Multiplayer
Spawn Locations
Cross Positions
Add a new tag
Caveats
  • Supply blocks, unpowered buildings, or Contaminate may cause inaccurate times.
  • Supply counts are checked every 10 seconds.